 Dungeon Crawl Stone Soup version 0.21-a0-135-g8dc100c (webtiles) character file.

714250 TheHza the Slayer (level 27, -6/242 HPs)
             Began as a Demonspawn Gladiator on July 14, 2017.
             Was an Elder of Okawaru.
             Killed from afar by an iron giant (35 damage)
             ... with an iron shot
             ... on level 7 of the Iron City of Dis on July 18, 2017.
             The game lasted 05:08:02 (73759 turns).

TheHza the Slayer (Demonspawn Gladiator)           Turns: 73759, Time: 05:08:02

Health: -6/242     AC: 49    Str: 31    XL:     27
Magic:  0/45       EV: 33    Int: 11    God:    Okawaru [****..]
Gold:   5398       SH:  0    Dex: 36    Spells: 21/26 levels left

rFire    + + +     SeeInvis +   d - +8 lajatang (speed)
rCold    + + .     Gourm    .   (shield currently unavailable)
rNeg     + . .     Faith    .   n - +8 gold dragon scales
rPois    +         Spirit   +   (helmet unavailable)
rElec    .         Reflect  .   K - +2 cloak of Neloor {SInv}
rCorr    +         Harm     .   N - +2 pair of gloves
MR       ++...                  y - +0 pair of boots {run}
Stlth    ..........             O - amulet of Recklessness {Spirit *Slow Str+4 Dex+3 SInv}
HPRegen  0.50/turn              a - ring "Sijei" {rF+ MP+9 Str+3 Dex+2}
MPRegen  0.29/turn              z - ring of Poenud {rC+ rN+ Str+6 Dex+4}

@: heroism, hasted, very quick
A: antennae 3, yellow scales 3, see invisible, agile 2, fire resistance 1, hurl
damnation, foul stench 2, mutation resistance 1, spiny 3, rot immunity, flame
cloud immunity, subdued magic 1
}: 4/15 runes: decaying, silver, obsidian, gossamer
a: Hurl Damnation, Heroism, Renounce Religion


You were on level 7 of the Iron City of Dis.
You worshipped Okawaru.
Okawaru was greatly pleased with you.
You were not hungry.

You visited 12 branches of the dungeon, and saw 61 of its levels.
You visited 1 bazaar.
You also visited: Volcano and Wizlab.

You collected 8857 gold pieces.
You spent 3459 gold pieces at shops.

Inventory:

Hand Weapons
 d - a +8 lajatang of speed (weapon)
 f - a +2 quarterstaff of protection
 G - the +7 sceptre of Asmodeus
   (You took it off Asmodeus on level 7 of Gehenna)
 T - a +5 lajatang of freezing
Armour
 j - the +5 shield of the Wasteland {+Fly rCorr Dex+2}
   (Okawaru gifted it to you on level 4 of the Vaults)

   It affects your dexterity (+2).
   It lets you fly.
   It protects you from acid and corrosion.
 n - +8 gold dragon scales (worn)
 y - a +0 pair of boots of running (worn)
 I - the +0 chain mail of Dybogoo {rPois Str+5 Slay+5}
   (You found it on level 4 of the Vaults)

   It affects your strength (+5).
   It affects your accuracy and damage with ranged weapons and melee attacks
   (+5).
   It protects you from poison.
 K - the +2 cloak of Neloor (worn) {SInv}
   (Okawaru gifted it to you on level 1 of Gehenna)

   It lets you see invisible.
 N - a +2 pair of gloves (worn)
Magical Staves
 r - an uncursed staff of earth
Jewellery
 a - the ring "Sijei" (left hand) {rF+ MP+9 Str+3 Dex+2}
   (You took it off a necromancer on level 2 of the Vaults)

   [ring of magical power]

   It affects your strength (+3).
   It affects your dexterity (+2).
   It protects you from fire.
   It affects your magic capacity (+9).
 h - a +5 ring of dexterity
 l - an uncursed ring of protection from cold
 z - the ring of Poenud (right hand) {rC+ rN+ Str+6 Dex+4}
   (You bought it in a shop in a bazaar)

   [ring of strength]

   It affects your strength (+6).
   It affects your dexterity (+4).
   It protects you from cold.
   It protects you from negative energy.
 H - an uncursed ring of fire
 L - an uncursed ring of protection from magic
 O - the amulet of Recklessness (around neck) {Spirit *Slow Str+4 Dex+3 SInv}
   (You found it on level 3 of the Lair of Beasts)

   [amulet of guardian spirit]

   It causes incoming damage to be split between your health and magic.
   It affects your strength (+4).
   It affects your dexterity (+3).
   It lets you see invisible.
   It may slow you when you take damage.
 Q - the ring "Xubyej" {rPois AC+4}
   (You found it on level 2 of the Realm of Zot)

   [ring of protection]

   It affects your AC (+4).
   It protects you from poison.
 U - a +5 ring of evasion
 Z - an uncursed ring of protection from magic
Wands
 k - a wand of lightning (5/15)
 C - a wand of digging (16/24)
 J - a wand of digging (13/24)
 S - a wand of clouds (1/9)
 Y - a wand of lightning (9/15)
Scrolls
 e - 13 scrolls of amnesia
 g - 12 scrolls of teleportation
 m - 7 scrolls of immolation
 q - 15 scrolls of remove curse
 w - a scroll of enchant weapon
 F - 4 scrolls of recharging
 R - 18 scrolls of identify
 W - a scroll of fear
 X - 7 scrolls of fog
Potions
 c - 3 potions of magic
 i - 6 potions of lignification
 p - 2 potions of might
 s - 2 potions of resistance
 t - 6 potions of flight
 x - 3 potions of brilliance
 E - 5 potions of haste
 P - 6 potions of curing
Books
 u - a book of Battle

   Spells                             Type                      Level
   a - Infusion                       Charms                       1
   b - Shroud of Golubria             Charms/Translocation         2
   c - Song of Slaying                Charms                       2
   d - Spectral Weapon                Hexes/Charms                 3
   e - Regeneration                   Charms/Necromancy            3
Miscellaneous
 b - the horn of Geryon
 o - a fan of gales
 B - a lamp of fire (inert)
 M - a phial of floods (inert)
Comestibles
 A - 27 royal jellies
 D - 4 meat rations


   Skills:
 - Level 25.3(27) Fighting
 - Level 14.0(19.0) Staves
 - Level 1.7(6.7) Throwing
 - Level 23.1(27) Armour
 - Level 22.5(27) Dodging
 + Level 3.5 Charms
 + Level 4.3 Necromancy
 - Level 13.2 Earth Magic
 - Level 11.0 Invocations
 - Level 18.7 Evocations


You had 21 spell levels left.
You knew the following spells:

 Your Spells              Type           Power        Failure   Level  Hunger
a - Apportation           Tloc           #.....       85%         1    ##.....
b - Sandblast             Erth           ###...       1%          1    ##.....
c - Regeneration          Chrm/Necr      #.........   67%         3    ####...


Dungeon Overview and Level Annotations

Branches:
Dungeon (15/15)            Temple (1/1) D:6            Lair (6/6) D:8
  Swamp (4/4) Lair:2       Spider (4/4) Lair:3        Slime (0/5) Lair:6
    Orc (2/2) D:11            Elf (0/3) Orc:2        Vaults (5/5) D:13
  Crypt (0/3) Vaults:2     Depths (5/5) D:15           Hell (1/1)
    Dis (7/7) Hell            Geh (7/7) Hell            Coc (0/7) Hell
    Tar (0/7) Hell            Zot (4/5) Depths:5

Altars:
Ashenzari
Cheibriados
Dithmenos
Elyvilon
Fedhas
Gozag
Hepliaklqana
Kikubaaqudgha
Makhleb
Nemelex Xobeh
Okawaru
Qazlal
Ru
Sif Muna
Trog
Uskayaw
Vehumet
Wu Jian
Xom
Yredelemnul
Zin
The Shining One
Beogh
Jiyva

Shops:
D:4 (   D:9 [   Orc:1 ?   Orc:2 [*(   Vaults:2 :=:%   Vaults:4 %

Portals:
Hell: Depths:1 Depths:2 Depths:3 Depths:4 Depths:5
Abyss: Depths:1 Depths:3 Depths:4
Pandemonium: Depths:1 Depths:3
Ziggurat: Depths:3

Annotations:
Lair:6 1 runed door


Innate Abilities, Weirdness & Mutations

You have a pair of large antennae on your head. (SInv)
You are completely covered in yellow scales. (AC +4, rCorr)
Your flesh is heat resistant. (rF+)
You can hurl damnation.
You frequently emit foul miasma when damaged in melee.
You are completely covered in sharp spines.
You are immune to rotting.
You are immune to clouds of flame.
You have supernaturally acute eyesight. (SInv)
You are very agile. (Dex +4)
You are somewhat resistant to further mutation.
Your spells are a little easier to cast, but a little less powerful.


Message History

The iron shot hits you!
* * * LOW HITPOINT WARNING * * *
You hit the iron giant.
The iron giant is lightly wounded.
You smell brimstone.
Nothing appears to happen.
A tormentor, an iron giant and 2 ancient champions come into view.
An ancient champion is wielding a great mace of draining.
An ancient champion is wielding a great mace of freezing.
You feel yourself speed up.
The iron giant is struck by your spines.
The iron giant misses you.
The iron giant gestures at you while chanting.
The iron shot misses you.
The tormentor is engulfed in blazing flames.
The tormentor hits you but does no damage.
The tormentor completely misses you. The iron giant misses you.
An iron imp comes into view.
The iron giant points at you and mumbles some strange words.
The iron shot hits you!
You die...

,,,,,,,,,,,,,,,,,,,,,,,,∩,,,,,,,,
,,,,,,,,,,,,,,..........5.,,,,,,,
****,,********#....§§.....,,,,,,,
*,,*,,,,,,,#....§§....,,,,,,,,
*,,*,,,,,,,#....§§...,,,,,,,,,
*,,*,,,,,,,#...§.§.#********,,
*,,***+#####...§.§.# *,,
*,,,,∩........2C.§.# *,,
*,*******#...@.C.§.# *,, *,*
#....zC...#####****,, *,*
#....z.........,,,,,, ****,*
#............##+***,, ,,,,,*
#............#,,,,*,{ ****,*
#............#,,,,*,, *,*
#......#####.#,,,,*,, *,*
#......# #.#,,,,*,, *,* #......#
#.######..


You could see 3 iron giants, 2 ancient champions and a tormentor.

Vanquished Creatures
  Asmodeus (Geh:7)
  Mara (Depths:1)
  3 juggernauts
  2 ancient liches (Depths:2)
  The ghost of McSplat the Devastator, a master DEFE of Vehumet (Zot:1)
  Saint Roka (Orc:2)
  6 caustic shrikes
  A Killer Klown (Zot:4)
  2 curse toes (Zot:2)
  Geryon (Hell)
  Nikola (Spider:2)
  10 liches
  8 golden dragons
  2 bone dragons (Zot:2)
  3 electric golems
  26 Brimstone Fiends
  Rupert (D:12)
  14 tentacled monstrosities
  3 Hell Sentinels
  2 titans
  Murray (Hell)
  3 quicksilver dragons
  2 ancient champions (Hell)
  10 death cobs
  Frances (D:14)
  4 sphinxes
  An Executioner (Geh:7)
  6 tengu reavers
  Kirke (D:12)
  4 thorn hunters
  9 shadow dragons
  13 storm dragons
  19 vault wardens
  10 frost giants
  7 draconian monks
  16 fire giants
  3 draconian knights
  Aizul (Depths:2)
  An orc warlord (Orc:2)
  7 deep elf sorcerers
  A juggernaut zombie (Depths:3)
  A draconian scorcher (Depths:5)
  9 iron dragons
  Louise (Depths:4)
  A curse skull (Depths:2)
  6 ghost moths
  3 balrugs
  4 draconian shifters
  A deep elf elementalist (Depths:4)
  2 emperor scorpions (Spider:4)
  9 reapers
  An emperor scorpion (shapeshifter) (Vaults:3)
  4 draconian stormcallers
  21 very ugly things
  22 ironheart preservers
  5 war gargoyles (Vaults:5)
  6 draconian annihilators
  7 entropy weavers
  5 spriggan defenders
  18 stone giants
  The ghost of qandnotyew the Nimble, a journeyman HaHu of Dithmenos (Orc:2)
  The ghost of coolguy69 the Severer, a journeyman HOFi of Makhleb (Orc:1)
  6 black draconians
  6 deep elf demonologists
  8 green draconians
  7 vampire knights
  6 white draconians
  8 purple draconians
  6 yellow draconians
  Azrael (Spider:3)
  8 deep elf annihilators
  15 spark wasps
  9 red draconians
  An eidolon (Vaults:2)
  17 ettins
  4 deep elf death magi
  A quicksilver dragon zombie (Geh:7)
  Snorg (D:11)
  2 green deaths
  Josephine (D:14)
  Fannar (D:12)
  A crystal guardian (Vaults:4)
  4 jiangshi
  4 blizzard demons
  4 deep elf high priests
  A statue (WizLab)
  12 fire dragons
  23 yaktaur captains
  6 rakshasas
  5 great orbs of eyes
  2 quicksilver dragon skeletons
  19 hydras
  A monstrous demonspawn (Depths:1)
  2 hell beasts (Dis:1)
  33 vault guards
  A catoblepas (Lair:4)
  3 ghost crabs
  11 centaur warriors
  11 ice dragons
  7 spriggan air magi
  An anaconda (shapeshifter) (Vaults:1)
  Erica (Lair:2)
  4 death knights
  19 ogre magi
  A two-headed ogre (shapeshifter) (Vaults:5)
  17 hell hogs
  17 deep troll shamans
  72 two-headed ogres
  2 merfolk aquamancers (Depths:2)
  10 tengu warriors
  4 titan zombies
  10 alligators
  Urug (Lair:5)
  6 spriggan berserkers
  3 orc high priests
  3 vampire magi
  11 deep troll earth magi
  19 soul eaters
  11 sun demons
  A storm dragon zombie (Dis:3)
  40 hell knights
  2 titan skeletons
  17 deep elf knights
  3 shadow wraiths
  3 iron golems (Hell)
  7 storm dragon skeletons
  33 skeletal warriors
  A salamander mystic (Depths:4)
  17 iron trolls
  A small abomination (Vaults:5)
  4 glowing orange brains
  4 anaconda zombies
  A sea snake (shapeshifter) (Vaults:3)
  A ghost moth zombie (Dis:1)
  A spriggan druid (Swamp:4)
  3 golden dragon zombies
  5 unseen horrors
  49 deep trolls
  A shadow demon (Dis:3)
  8 swamp dragons
  20 flayed ghosts
  4 wizards
  6 shadow dragon zombies
  A harpy (shapeshifter) (Depths:2)
  7 deep elf archers
  3 shambling mangroves
  5 phantasmal warriors
  A harpy (Vaults:4)
  8 wolf spider zombies
  4 anaconda skeletons
  13 orc knights
  4 oklob plants (Lair:3)
  A golden dragon skeleton (Geh:4)
  15 necromancers
  An iron dragon zombie (Depths:3)
  21 orb spiders
  A sphinx zombie (Vaults:2)
  13 ironbrand convokers
  4 fire giant zombies
  31 deep elf magi
  6 orc sorcerers
  2 salamanders (shapeshifter)
  4 frost giant zombies
  48 ugly things
  A cyclops (shapeshifter) (Vaults:5)
  2 manticores
  3 stone giant zombies
  2 shadow dragon skeletons
  8 cyclopes
  2 salamanders (Depths:4)
  36 wolf spiders
  6 frost giant skeletons
  A stone giant skeleton (Geh:3)
  5 iron dragon skeletons
  3 centaur zombies
  5 dire elephant zombies
  3 elephants (Lair:4)
  22 moths of wrath
  A shock serpent zombie (Geh:3)
  3 black mambas
  14 rust devils
  A fire giant skeleton (Geh:6)
  4 smoke demons
  2 spiny frogs (shapeshifter)
  An ice statue (Hell)
  21 vault sentinels
  13 molten gargoyles
  2 shock serpent skeletons
  11 spiny frogs
  A titan simulacrum (Vaults:4)
  2 dire elephant skeletons
  2 torpor snails
  2 gargoyles
  A storm dragon simulacrum (Vaults:4)
  28 hellions
  2 efreet
  A rime drake (shapeshifter) (Vaults:3)
  4 human zombies
  8 komodo dragons
  A purple draconian zombie (Zot:2)
  10 ice devils
  A yaktaur (shapeshifter) (Depths:4)
  77 yaktaurs
  3 rime drakes
  18 demonic crawlers
  2 guardian mummies (Zot:2)
  16 tormentors
  7 tengu conjurers
  10 freezing wraiths
  A kobold demonologist (D:14)
  A queen bee (Lair:3)
  4 hydra zombies
  5 polar bears
  A silent spectre (Depths:2)
  7 trolls
  22 red devils
  29 jumping spiders
  4 tyrant leeches
  3 harpy zombies
  2 tengu simulacra
  A merfolk (shapeshifter) (Depths:4)
  4 bog bodies
  3 ice dragon zombies
  11 slime creatures
  3 queen bees (shapeshifter) (Vaults:3)
  3 harpy skeletons
  19 blink frogs
  12 hippogriffs
  35 hornets
  3 hydra skeletons
  6 ettin zombies
  2 alligator zombies (Hell)
  A dream sheep (Lair:6)
  A black mamba zombie (Geh:7)
  An alligator skeleton (Geh:2)
  A fire dragon skeleton (Geh:7)
  2 frost giant simulacra
  17 air elementals
  2 centaur simulacra (D:15)
  22 spriggans
  63 redbacks
  3 fire dragon zombies
  11 shadows
  2 ettin skeletons
  6 water elementals
  42 flying skulls
  A yak (shapeshifter) (Depths:1)
  3 ice dragon skeletons
  38 tarantellas
  35 fire elementals
  Grum (D:9)
  31 wraiths
  10 basilisks
  5 hogs (D:12)
  3 wyverns
  49 yaks
  A vampire (D:11)
  11 fire bats
  A golden eye (shapeshifter) (D:15)
  A steam dragon (D:12)
  A black mamba skeleton (Geh:4)
  3 hungry ghosts
  A neqoxec (Depths:1)
  25 vampire mosquitoes
  16 swamp worms
  5 wargs
  5 insubstantial wisps (Swamp:3)
  4 acid dragons
  A deep troll zombie (Vaults:2)
  5 spiny frog zombies
  3 soldier ants
  55 hell hounds
  11 porcupines
  15 water moccasins
  50 orc warriors
  2 spiny frog skeletons
  4 black bears
  5 sky beasts
  A snapping turtle zombie (Geh:1)
  13 swamp drakes
  An ettin simulacrum (Vaults:2)
  A spriggan simulacrum (Depths:3)
  A manticore zombie (Geh:6)
  12 necrophages
  6 phantoms
  21 wolves
  A swamp dragon zombie (Geh:7)
  5 boggarts (Lair:6)
  An eye of draining (D:14)
  44 ogres
  37 centaurs
  A manticore skeleton (Geh:4)
  A snapping turtle skeleton (Geh:7)
  11 crocodiles
  A wolf (shapeshifter) (Vaults:4)
  A big kobold (D:7)
  18 bullfrogs
  Blork the orc (D:4)
  A spiny frog simulacrum (Hell)
  A gnoll sergeant (D:7)
  A glowing shapeshifter simulacrum (Vaults:4)
  An elf skeleton (Geh:1)
  A wyvern skeleton (D:7)
  2 scorpions
  32 killer bees
  An elf simulacrum (Vaults:2)
  A spriggan zombie (Geh:1)
  An orc simulacrum (Vaults:1)
  A troll zombie (Dis:3)
  2 howler monkeys
  77 wights
  3 electric eels
  17 crimson imps
  5 lava snakes (Volcano)
  4 jellies
  A quasit (D:8)
  23 orc priests
  18 hounds
  10 iron imps
  3 gnoll shamans (D:7)
  31 orc wizards
  5 centaur skeletons
  5 iguanas
  Natasha (thrice) (D:4)
  12 worker ants
  14 hell rats
  An ogre skeleton (Geh:2)
  A tengu skeleton (Geh:7)
  2 mummies
  A worker ant zombie (D:6)
  9 adders
  15 gnolls
  3 shadow imps
  3 white imps
  An ooze (D:6)
  2 adder skeletons (D:4)
  4 worms
  A dart slug (D:4)
  4 leopard geckos
  95 orcs
  A ball python (D:5)
  2 giant cockroaches (D:3)
  6 goblins
  16 hobgoblins
  10 jackals
  4 quokkas
  4 bats
  6 frilled lizards
  A jackal zombie (D:6)
  18 kobolds
  An orc skeleton (Geh:7)
  11 rats
  A butterfly (D:6)
  A crawling corpse (Vaults:5)
  4 fungi (Orc:2)
  2 plants (Lair:3)
3040 creatures vanquished.

Vanquished Creatures (collateral kills)
  An Executioner (Dis:6)
  A tormentor (Dis:6)
  A necrophage (Dis:6)
3 creatures vanquished.

Vanquished Creatures (others)
  An eldritch tentacle (Geh:5)
  A balrug (Geh:7)
  A black draconian (Zot:4)
  A yaktaur captain (Vaults:4)
  2 hell hogs (Geh:7)
  A deep elf knight (Vaults:5)
  An anaconda skeleton (Geh:7)
  An orb spider (Spider:1)
  A deep elf mage (Vaults:5)
  A shadow dragon skeleton (Geh:1)
  2 tormentors (Geh:7)
  A jumping spider (Spider:4)
  2 hornets
  A flying skull (Geh:6)
  A wraith (Geh:1)
  2 humans
  A yak (D:12)
  A swamp drake (Swamp:4)
  A boggart (shapeshifter) (Vaults:5)
  A hell rat (Hell)
  5 briar patches
  A fire vortex (Geh:1)
  30 fungi
  4 plants
  11 toadstools (Swamp:1)
75 creatures vanquished.

Grand Total: 3118 creatures vanquished

Notes
Turn   | Place    | Note
-------+----------+-------------------------------------------
     0 | D:1      | TheHza the Demonspawn Gladiator began the quest for the Orb.
     0 | D:1      | Reached XP level 1. HP: 16/16 MP: 1/1
   305 | D:1      | Gained mutation: You have a pair of small antennae on your head. [demonic ancestry]
   305 | D:1      | Reached XP level 2. HP: 21/22 MP: 2/2
   533 | D:1      | Gained mutation: You are partially covered in yellow scales. (AC +2) [demonic ancestry]
   533 | D:1      | Reached XP level 3. HP: 22/27 MP: 3/3
  1470 | D:2      | Found a deep blue altar of Sif Muna.
  1792 | D:2      | Reached XP level 4. HP: 33/33 MP: 4/4
  2052 | D:3      | Reached skill level 5 in Staves
  2402 | D:3      | Found a blossoming altar of Fedhas.
  2454 | D:3      | Gained mutation: You are immune to rotting. [demonic ancestry]
  2454 | D:3      | Reached XP level 5. HP: 21/38 MP: 5/5
  2925 | D:4      | Noticed Blork the orc
  2927 | D:4      | Found Loupt's Weapon Boutique.
  2939 | D:4      | Killed Blork the orc
  3066 | D:4      | Noticed Natasha
  3077 | D:4      | Killed Natasha
  3077 | D:4      | Gained mutation: You are partially covered in sharp spines. [demonic ancestry]
  3077 | D:4      | Reached XP level 6. HP: 39/44 MP: 6/6
  3321 | D:4      | Noticed Natasha
  3337 | D:4      | Killed Natasha
  3665 | D:4      | Reached XP level 7. HP: 37/51 MP: 7/7
  3693 | D:4      | Noticed Natasha
  3699 | D:4      | Killed Natasha
  3869 | D:5      | Entered Level 5 of the Dungeon
  3940 | D:5      | Reached skill level 3 in Fighting
  4034 | D:5      | Reached skill level 4 in Fighting
  4341 | D:5      | Gained mutation: You are mostly covered in yellow scales. (AC +3) [demonic ancestry]
  4341 | D:5      | Reached XP level 8. HP: 60/61 MP: 8/8
  4745 | D:6      | Found a staircase to the Ecumenical Temple.
  4757 | Temple   | Entered the Ecumenical Temple
  4769 | Temple   | Became a worshipper of Warmaster Okawaru
  4798 | D:6      | Reached skill level 5 in Fighting
  5032 | D:6      | Found a shadowy altar of Dithmenos.
  5106 | D:6      | Reached * piety under Okawaru
  5746 | D:7      | Reached skill level 5 in Dodging
  5746 | D:7      | Gained mutation: You have a pair of antennae on your head. [demonic ancestry]
  5746 | D:7      | Reached XP level 9. HP: 68/68 MP: 9/9
  5829 | D:7      | Reached skill level 1 in Evocations
  6081 | D:7      | Reached ** piety under Okawaru
  6089 | D:7      | Reached skill level 10 in Staves
  6089 | D:7      | Reached skill level 1 in Armour
  6362 | D:7      | Gained mutation: You occasionally shout uncontrollably at your foes. [mutagenic meat]
  6363 | D:7      | Gained mutation: You are agile. (Dex +2) [mutagenic meat]
  6365 | D:7      | Gained mutation: Your mind is acute. (Int +2) [mutagenic meat]
  6366 | D:7      | Gained mutation: You possess an exceptional clarity of mind. [mutagenic meat]
  6367 | D:7      | Gained mutation: Your flesh is heat resistant. (rF+) [mutagenic meat]
  6389 | D:7      | Found a faded altar of an unknown god.
  6389 | D:7      | Found a hazy altar of Hepliaklqana.
  6394 | D:7      | Found a snail-covered altar of Cheibriados.
  6396 | D:7      | Found an ancient bone altar of Kikubaaqudgha.
  6398 | D:7      | Found a faded altar of an unknown god.
  6930 | D:8      | Reached *** piety under Okawaru
  7329 | D:7      | Reached XP level 10. HP: 49/74 MP: 12/12
  7475 | D:8      | Found a staircase to the Lair.
  7632 | D:8      | Reached **** piety under Okawaru
  8049 | D:9      | Found a glowing golden altar of the Shining One.
  8059 | D:9      | Noticed Grum
  8062 | D:9      | Noticed a two-headed ogre
  8086 | D:9      | HP: 2/74 [two-headed ogre/giant club (6)]
  8088 | D:9      | Killed a two-headed ogre
  8089 | D:9      | Killed Grum
  8089 | D:9      | Received a gift from Okawaru
  8373 | D:9      | Found an opulent altar of Gozag.
  8542 | D:9      | Found Omisism's Armour Shop.
  8555 | D:9      | Bought a scarf of repulsion for 192 gold pieces
  8565 | D:9      | Bought a +0 pair of boots for 72 gold pieces
  8929 | D:10     | Entered Level 10 of the Dungeon
  9089 | D:10     | Reached skill level 5 in Evocations
  9089 | D:10     | Reached XP level 11. HP: 48/79 MP: 14/14
  9095 | D:10     | Found a sacrificial altar of Ru.
  9163 | D:10     | Reached ***** piety under Okawaru
  9682 | D:10     | Gained mutation: You have supernaturally acute eyesight. (SInv) [mutagenic meat]
  9683 | D:10     | Gained mutation: You are very agile. (Dex +4) [mutagenic meat]
  9684 | D:10     | Gained mutation: You are frail. (-10% HP) [mutagenic meat]
  9685 | D:10     | Lost mutation: You are frail. (-10% HP) [mutagenic meat]
  9759 | Lair:1   | Entered Level 1 of the Lair of Beasts
 11087 | Lair:2   | Found a staircase to the Swamp.
 11142 | Lair:2   | Received a gift from Okawaru
 11143 | Lair:2   | Got a fine triple sword {god gift}
 11245 | Lair:2   | Noticed Erica
 11266 | Lair:2   | Killed Erica
 12442 | Lair:3   | Reached skill level 6 in Fighting
 12448 | Lair:3   | Noticed an eight-headed hydra
 12450 | Lair:3   | Noticed an oklob plant
 12450 | Lair:3   | Noticed an oklob plant
 12454 | Lair:3   | Gained mutation: You are completely covered in yellow scales. (AC +4, rCorr) [demonic ancestry]
 12454 | Lair:3   | Reached XP level 12. HP: 43/88 MP: 18/18
 12457 | Lair:3   | Killed an eight-headed hydra
 12462 | Lair:3   | Reached ****** piety under Okawaru
 12521 | Lair:3   | Found a dark tunnel.
 12526 | Volcano  | Entered a volcano
 12771 | Volcano  | Reached skill level 7 in Fighting
 12775 | Volcano  | Noticed a two-headed ogre
 12775 | Volcano  | Noticed a two-headed ogre
 12783 | Volcano  | Killed a two-headed ogre
 12787 | Volcano  | Noticed a red draconian
 12787 | Volcano  | Killed a two-headed ogre
 12787 | Volcano  | Received a gift from Okawaru
 12816 | Volcano  | Noticed an ogre mage
 12824 | Volcano  | Noticed a two-headed ogre
 12825 | Volcano  | Killed a red draconian
 12860 | Volcano  | Lost mutation: Your flesh is heat resistant. (rF+) [potion of mutation]
 12860 | Volcano  | Lost mutation: Your mind is acute. (Int +2) [potion of mutation]
 12860 | Volcano  | Lost mutation: You occasionally shout uncontrollably at your foes. [potion of mutation]
 12860 | Volcano  | Gained mutation: Your spells are a little easier to cast, but a little less powerful. [potion of mutation]
 12860 | Volcano  | Gained mutation: You are somewhat resistant to further mutation. [potion of mutation]
 12877 | Volcano  | Killed an ogre mage
 12877 | Volcano  | Reached skill level 8 in Fighting
 13135 | Volcano  | Noticed a two-headed ogre
 13141 | Volcano  | Killed a two-headed ogre
 13182 | Volcano  | Noticed a two-headed ogre
 13194 | Volcano  | Killed a two-headed ogre
 13235 | Volcano  | Killed a two-headed ogre
 13304 | Volcano  | Found a burning altar of Makhleb.
 13327 | Volcano  | Found a bloodstained altar of Trog.
 13391 | Lair:3   | Found a sparkling altar of Nemelex Xobeh.
 13543 | Lair:3   | Reached skill level 5 in Armour
 13553 | Lair:3   | Reached skill level 9 in Fighting
 13706 | Lair:3   | Received a gift from Okawaru
 13765 | Lair:3   | Found a hole to the Spider Nest.
 14131 | Lair:3   | Gained mutation: You are mostly covered in sharp spines. [demonic ancestry]
 14131 | Lair:3   | Reached XP level 13. HP: 102/102 MP: 19/19
 14704 | Lair:3   | Reached skill level 10 in Fighting
 14928 | Lair:3   | Got a heavily runed bronze amulet
 14930 | Lair:3   | Identified the amulet of Recklessness {Spirit *Slow Str+4 Dex+3 SInv} (You found it on level 3 of the Lair of Beasts)
 15318 | Lair:4   | Received a gift from Okawaru
 15319 | Lair:4   | Got a steaming executioner's axe {god gift}
 15846 | Lair:4   | Got a slimy scale mail
 15857 | Lair:4   | Identified the cursed +0 scale mail "Doun Letzi" {*Contam rC+ Int+4 Dex+4} (You found it on level 4 of the Lair of Beasts)
 16318 | Lair:5   | Noticed Urug
 16665 | Lair:5   | Killed Urug
 17217 | Lair:6   | Entered Level 6 of the Lair of Beasts
 17774 | Lair:6   | Found a runed door.
 17775 | Lair:6   | Found a viscous altar of Jiyva.
 17787 | Lair:6   | Found a staircase to the Slime Pits.
 17808 | Lair:6   | Received a gift from Okawaru
 17824 | Lair:6   | Reached skill level 1 in Invocations
 17854 | Lair:6   | Reached skill level 11 in Fighting
 18074 | Lair:6   | Paralysed by a hornet for 1 turns
 18313 | Lair:6   | Reached skill level 5 in Invocations
 18819 | Lair:6   | Upgraded the game from 0.21-a0-125-gb006224 to 0.21-a0-133-gf55ed5b
 18996 | D:11     | Gained mutation: You have a pair of large antennae on your head. (SInv) [demonic ancestry]
 18996 | D:11     | Reached XP level 14. HP: 114/114 MP: 20/20
 19069 | D:11     | Got a scorched chain mail
 19080 | D:11     | Identified the +3 chain mail "Edatoaw" {+Blink rCorr} (You found it on level 11 of the Dungeon)
 19285 | D:11     | Received a gift from Okawaru
 19440 | D:11     | Reached skill level 12 in Fighting
 19518 | D:11     | Found a staircase to the Orcish Mines.
 19604 | Orc:1    | Entered Level 1 of the Orcish Mines
 19606 | Orc:1    | Noticed Snorg
 19624 | D:11     | Killed Snorg
 19840 | Orc:1    | Found a roughly hewn altar of Beogh.
 19975 | Orc:2    | Entered Level 2 of the Orcish Mines
 19976 | Orc:2    | Found Gura's General Store.
 20002 | Orc:2    | Noticed qandnotyew's ghost (journeyman HaHu)
 20423 | Orc:2    | Killed qandnotyew's ghost
 20620 | Orc:2    | Reached skill level 10 in Armour
 21212 | Orc:2    | Noticed Saint Roka
 21226 | Orc:2    | HP: 5/116 [Saint Roka/divine providence (10)]
 21230 | Orc:2    | Found Kaul's Antique Weapon Boutique.
 21596 | Orc:2    | Noticed an orc warlord
 21619 | Orc:2    | Killed an orc warlord
 21619 | Orc:2    | Reached skill level 13 in Fighting
 21961 | Orc:1    | Noticed coolguy69's ghost (journeyman HOFi)
 22019 | Orc:1    | Killed coolguy69's ghost
 22019 | Orc:1    | Received a gift from Okawaru
 22463 | Orc:1    | Found Couch's Magic Scroll Shoppe.
 22471 | Orc:1    | Bought a scroll of enchant armour for 97 gold pieces
 22471 | Orc:1    | Bought a scroll of identify for 26 gold pieces
 22539 | Orc:1    | Bought a scroll of teleportation for 39 gold pieces
 22901 | Orc:2    | Killed Saint Roka
 23147 | Orc:2    | Found a staircase to the Elven Halls.
 23191 | Orc:2    | Found Iqiemext's Jewellery Boutique.
 23275 | Orc:2    | Found Atwiz's Antique Armour Boutique.
 23681 | Spider:1 | Entered Level 1 of the Spider Nest
 24230 | Spider:1 | Received a gift from Okawaru
 24705 | Spider:1 | Reached XP level 15. HP: 125/125 MP: 21/21
 25572 | Spider:1 | Reached skill level 14 in Fighting
 26200 | Spider:2 | Received a gift from Okawaru
 27148 | Spider:2 | Noticed Nikola
 27171 | Spider:2 | Killed Nikola
 28144 | Spider:3 | Reached skill level 15 in Fighting
 28294 | Spider:3 | Received a gift from Okawaru
 28651 | Spider:3 | Noticed Azrael
 28673 | Spider:3 | Killed Azrael
 29245 | Spider:4 | Entered Level 4 of the Spider Nest
 29778 | Spider:4 | Gained mutation: Your flesh is heat resistant. (rF+) [demonic ancestry]
 29778 | Spider:4 | Reached XP level 16. HP: 114/136 MP: 20/22
 29802 | Spider:4 | Learned a level 1 spell: Apportation
 29825 | Spider:4 | Received a gift from Okawaru
 30544 | Spider:4 | Received a gift from Okawaru
 30558 | Spider:4 | Identified a +0 pair of boots of running (Okawaru gifted it to you on level 4 of the Spider Nest)
 31059 | Spider:4 | Got a gossamer rune of Zot
 31686 | Swamp:1  | Entered Level 1 of the Swamp
 32159 | Swamp:1  | Noticed a thorn hunter
 32186 | Swamp:1  | Killed a thorn hunter
 32493 | Swamp:2  | Reached skill level 10 in Dodging
 33099 | Swamp:2  | Noticed a thorn hunter
 33125 | Swamp:2  | Killed a thorn hunter
 33125 | Swamp:2  | Received a gift from Okawaru
 33590 | Swamp:2  | Reached skill level 15 in Armour
 33590 | Swamp:2  | Gained mutation: You are immune to clouds of flame. [demonic ancestry]
 33590 | Swamp:2  | Reached XP level 17. HP: 142/142 MP: 21/23
 34802 | Swamp:3  | Received a gift from Okawaru
 35181 | Swamp:4  | Entered Level 4 of the Swamp
 35676 | Swamp:4  | Received a gift from Okawaru
 36242 | Swamp:4  | Got a decaying rune of Zot
 36243 | Swamp:4  | Identified a scroll of acquirement
 36244 | Swamp:4  | Got a twisted buckler
 36513 | D:12     | Found a sparkling altar of Nemelex Xobeh.
 36769 | D:12     | Noticed Kirke
 36784 | D:12     | Killed Kirke
 36787 | D:12     | Noticed Fannar
 36815 | D:12     | Killed Fannar
 37019 | D:12     | Received a gift from Okawaru
 37181 | D:12     | Noticed Rupert
 37208 | D:12     | Paralysed by Rupert for 3 turns
 37228 | D:12     | Killed Rupert
 37525 | D:13     | Reached skill level 10 in Evocations
 37542 | D:13     | Found a gate to the Vaults.
 37802 | D:13     | Reached XP level 18. HP: 127/149 MP: 21/25
 37984 | D:13     | Received a gift from Okawaru
 38122 | D:14     | Noticed Josephine
 38137 | D:14     | Killed Josephine
 38348 | D:14     | Found a deep blue altar of Sif Muna.
 38618 | D:14     | Noticed Frances
 38634 | D:14     | Killed Frances
 38901 | D:15     | Entered Level 15 of the Dungeon
 39044 | D:15     | Found a staircase to the Depths.
 39732 | Vaults:1 | Entered Level 1 of the Vaults
 40134 | Vaults:1 | Noticed a Hell Sentinel
 41603 | Vaults:1 | Received a gift from Okawaru
 41689 | Vaults:2 | Found a magical portal.
 41716 | Vaults:2 | Found Koukhladu's Jewellery Shop.
 41718 | Vaults:2 | Found Geol's Book Shoppe.
 41743 | WizLab   | Entered Iskenderun's Mystic Tower
 41867 | Vaults:2 | Gained mutation: You may emit foul miasma when damaged in melee. [demonic ancestry]
 41867 | Vaults:2 | Reached XP level 19. HP: 74/157 MP: 7/28
 41909 | Vaults:2 | Found a staircase to the Crypt.
 42154 | Vaults:2 | Reached skill level 16 in Fighting
 42173 | Vaults:2 | Found Vieg's Food Emporium.
 42175 | Vaults:2 | Found a flickering gateway to a bazaar.
 42184 | Bazaar   | Entered a bazaar
 42193 | Bazaar   | Found Giymidd's Book Shop.
 42214 | Bazaar   | Found Icseckut's Jewellery Boutique.
 42214 | Bazaar   | Found Wouzuo's Gadget Boutique.
 42241 | Bazaar   | Found Kahileg's Jewellery Boutique.
 42285 | Bazaar   | Bought the ring of Poenud {rC+ rN+ Str+6 Dex+4} for 936 gold pieces
 42304 | Bazaar   | Bought a manual of Fighting for 2097 gold pieces
 42491 | Vaults:2 | Reached skill level 15 in Dodging
 42748 | Vaults:2 | Found Utooll's Book Boutique.
 42751 | Vaults:2 | Upgraded the game from 0.21-a0-133-gf55ed5b to 0.21-a0-135-g8dc100c
 43039 | Vaults:2 | Reached skill level 17 in Fighting
 43077 | Vaults:2 | Got a vibrating granite ring
 43155 | Vaults:2 | Noticed a lich
 43176 | Vaults:2 | Received a gift from Okawaru
 43182 | Vaults:2 | Killed a lich
 43251 | Vaults:2 | Received a gift from Okawaru
 43853 | Vaults:3 | Reached skill level 18 in Fighting
 43940 | Vaults:3 | Received a gift from Okawaru
 44055 | Vaults:3 | Reached skill level 19 in Fighting
 44144 | Vaults:3 | Reached XP level 20. HP: 128/174 MP: 27/29
 44434 | Vaults:3 | Identified the ring "Sijei" {rF+ MP+9 Str+3 Dex+2} (You took it off a necromancer on level 2 of the Vaults)
 45784 | Vaults:4 | Reached skill level 20 in Fighting
 45811 | Vaults:4 | Received a gift from Okawaru
 46055 | Vaults:4 | Received a gift from Okawaru
 46817 | Vaults:4 | Paralysed by an ogre mage for 7 turns
 46860 | Vaults:4 | Identified the cursed +0 chain mail of Dybogoo {rPois Str+5 Slay+5} (You found it on level 4 of the Vaults)
 47183 | Vaults:4 | Found Soetip's Food Shoppe.
 47351 | Vaults:4 | Gained mutation: You frequently emit foul miasma when damaged in melee. [demonic ancestry]
 47351 | Vaults:4 | Reached XP level 21. HP: 175/185 MP: 30/30
 47365 | Vaults:4 | Paralysed by an ogre mage for 4 turns
 47722 | Vaults:4 | Reached skill level 21 in Fighting
 48131 | Vaults:4 | Received a gift from Okawaru
 48140 | Vaults:4 | Got an ancient shield {god gift}
 48350 | Vaults:5 | Entered Level 5 of the Vaults
 49060 | Vaults:5 | Received a gift from Okawaru
 49080 | Vaults:5 | Got a silver rune of Zot
 49468 | Vaults:5 | Reached skill level 22 in Fighting
 49553 | Vaults:5 | Reached XP level 22. HP: 121/196 MP: 24/31
 50194 | Vaults:4 | Received a gift from Okawaru
 51010 | Vaults:4 | Identified the +5 shield of the Wasteland {+Fly rCorr Dex+2} (Okawaru gifted it to you on level 4 of the Vaults)
 51011 | Vaults:4 | Got a crystal lajatang
 51017 | Vaults:4 | Identified the +0 lajatang "Rav Do Roisu" {slice, *Contam rC+ rN+ Int+4} (You acquired it on level 4 of the Vaults)
 51035 | Vaults:5 | Lost mutation: You possess an exceptional clarity of mind. [mutagenic glow]
 52084 | Depths:1 | Entered Level 1 of the Depths
 52123 | Depths:1 | Received a gift from Okawaru
 52131 | Depths:1 | Reached skill level 23 in Fighting
 52214 | Depths:1 | Noticed Mara
 52215 | Depths:1 | Noticed TheHza's illusion
 52594 | Depths:1 | Found a snail-covered altar of Cheibriados.
 52604 | Depths:1 | Found a one-way gate to the infinite horrors of the Abyss.
 52651 | Depths:1 | Found a gateway to Hell.
 52887 | Depths:1 | Killed Mara
 53164 | Depths:1 | Found a one-way gate leading to the halls of Pandemonium.
 53299 | Depths:1 | Gained mutation: You can hurl damnation. [demonic ancestry]
 53299 | Depths:1 | Reached XP level 23. HP: 207/207 MP: 32/32
 54033 | Depths:2 | Noticed Aizul
 54049 | Depths:2 | Killed Aizul
 54070 | Depths:2 | Found a runed door.
 54226 | Depths:2 | Received a gift from Okawaru
 54264 | Depths:2 | Noticed an ancient lich
 54265 | Depths:2 | Noticed an ancient lich
 54274 | Depths:2 | Killed an ancient lich
 54285 | Depths:2 | Killed an ancient lich
 54336 | Depths:2 | Identified the +2 lajatang of Dufiti {flame, +Rage rPois Dex-4 Stlth+} (You found it on level 2 of the Depths)
 54366 | Depths:2 | Identified the Disquisition on the Harmful Glacier
 54370 | Depths:2 | Got a heavily runed steel amulet
 54372 | Depths:2 | Identified the amulet of Trog's Righteous Anger {Regen+ Str+4 Int-3 Stlth+} (You found it on level 2 of the Depths)
 54757 | Depths:3 | Reached skill level 24 in Fighting
 54785 | Depths:3 | Found a gateway to a ziggurat.
 54861 | Depths:3 | Received a gift from Okawaru
 55059 | Depths:3 | Paralysed by a lich for 2 turns
 55083 | Depths:3 | Noticed a juggernaut
 55095 | Depths:3 | Killed a juggernaut
 55519 | Depths:3 | Reached XP level 24. HP: 204/218 MP: 32/32
 55954 | Depths:3 | Received a gift from Okawaru
 56430 | Depths:4 | Reached skill level 25 in Fighting
 57161 | Depths:4 | Noticed Louise
 57169 | Depths:4 | Killed Louise
 57286 | Depths:4 | Noticed a juggernaut
 57300 | Depths:4 | Killed a juggernaut
 57769 | Depths:4 | Received a gift from Okawaru
 57837 | Depths:4 | Noticed a juggernaut
 57845 | Depths:4 | Killed a juggernaut
 57930 | Depths:4 | Identified the ring "Xeonlo" {Slay+4 SInv} (You found it on level 4 of the Depths)
 57994 | Depths:4 | Gained mutation: You are completely covered in sharp spines. [demonic ancestry]
 57994 | Depths:4 | Reached XP level 25. HP: 205/228 MP: 32/32
 58078 | Depths:4 | Learned a level 1 spell: Sandblast
 58481 | Depths:5 | Entered Level 5 of the Depths
 58496 | Depths:5 | Received a gift from Okawaru
 59351 | Depths:5 | Found a gate to the Realm of Zot.
 59357 | Depths:5 | Received a gift from Okawaru
 59887 | Zot:1    | Entered Level 1 of the Realm of Zot
 59976 | Zot:1    | Noticed McSplat's ghost (master DEFE)
 59993 | Zot:1    | Killed McSplat's ghost
 60904 | Zot:2    | Received a gift from Okawaru
 60911 | Zot:2    | Reached XP level 26. HP: 222/235 MP: 32/32
 61901 | Zot:2    | Identified the ring "Xubyej" {rPois AC+4} (You found it on level 2 of the Realm of Zot)
 62250 | Zot:3    | Received a gift from Okawaru
 62898 | Zot:3    | Got a pair of fine boots
 62904 | Zot:3    | Identified the +1 pair of boots of Poor Excuses {rN+} (You found it on level 3 of the Realm of Zot)
 64257 | Hell     | Entered the Vestibule of Hell
 64257 | Hell     | Noticed Geryon
 64277 | Hell     | Killed Geryon
 64313 | Hell     | Noticed Murray
 64318 | Hell     | Reached skill level 10 in Invocations
 64324 | Hell     | Reached XP level 27. HP: 206/242 MP: 32/32
 64559 | Hell     | Killed Murray
 64564 | Hell     | Reached skill level 1 in Earth Magic
 65009 | Hell     | Found a gateway to the Iron City of Dis.
 65062 | Hell     | Found a gateway to the freezing wastes of Cocytus.
 65147 | Hell     | Found a gateway to the decaying netherworld of Tartarus.
 65173 | Hell     | Found a gateway to the ashen valley of Gehenna.
 65210 | Geh:1    | Entered Level 1 of Gehenna
 65214 | Geh:1    | Paralysed by a lich for 3 turns
 65707 | Geh:1    | Received a gift from Okawaru
 65721 | Geh:1    | Got a spiked cloak {god gift}
 65739 | Geh:1    | Identified the +2 cloak of Neloor {SInv} (Okawaru gifted it to you on level 1 of Gehenna)
 65953 | Geh:1    | Reached skill level 5 in Earth Magic
 66604 | Geh:2    | Reached skill level 15 in Evocations
 68795 | Geh:7    | Entered Level 7 of Gehenna
 69147 | Geh:7    | Reached skill level 10 in Earth Magic
 69748 | Geh:7    | Noticed Asmodeus
 69802 | Geh:7    | Killed Asmodeus
 71404 | Geh:7    | Received a gift from Okawaru
 71625 | Geh:7    | Identified Vaussam's Compendium of Dislocation and Black Secrets
 71643 | Geh:7    | Identified the Collected Works on Creative Snow
 71646 | Geh:7    | Identified Sif Muna's Catalogue of Twisted Combat Magic
 71693 | Geh:7    | Got an obsidian rune of Zot
 71889 | Geh:7    | Received a gift from Okawaru
 72074 | Dis:1    | Entered Level 1 of the Iron City of Dis
 72620 | Dis:3    | Found a huge runed gate.
 72620 | Dis:3    | Found a huge runed gate.
 72620 | Dis:3    | Found a huge runed gate.
 72620 | Dis:3    | Found a huge runed gate.
 72620 | Dis:3    | Found a huge runed gate.
 72620 | Dis:3    | Found a huge runed gate.
 72620 | Dis:3    | Found a huge runed gate.
 72621 | Dis:3    | Found a huge runed gate.
 72626 | Dis:3    | Found a huge runed gate.
 72626 | Dis:3    | Found a huge runed gate.
 72632 | Dis:3    | Found a huge runed gate.
 72632 | Dis:3    | Found a huge runed gate.
 72632 | Dis:3    | Found a huge runed gate.
 72632 | Dis:3    | Found a huge runed gate.
 72632 | Dis:3    | Found a huge runed gate.
 72632 | Dis:3    | Found a huge runed gate.
 72633 | Dis:3    | Found a huge runed gate.
 72805 | Dis:3    | Learned a level 3 spell: Regeneration
 73316 | Dis:3    | Reached skill level 1 in Charms
 73316 | Dis:3    | Reached skill level 1 in Necromancy
 73723 | Dis:7    | Entered Level 7 of the Iron City of Dis
 73759 | Dis:7    | Killed from afar by an iron giant

Vault maps used:
D:1:      lemuel_arrival_muddy, minmay_distorted
D:2:      lemuel_blue_sif_altar, first_bread, grunt_decor_one_mirror
D:3:      overflow_temple_1_default
D:4:      serial_shops, shop, serial_curves, eino_curves_04, eino_curves_03,
          eino_curves_04, eino_curves_03, uniq_natasha, uniq_blork_the_orc
D:5:      minmay_misc_feat_encased
D:6:      grunt_dithmenos_shadows, minmay_temple_entry_butterflies
D:7:      kennysheep_housing_project, chequers_temple_overflow_minitemple,
          the_bakery, small_statue_intersection
D:8:      david_lair_generic, st_stairs_1
D:9:      grunt_gozag_statues, serial_shops,
          nicolae_shop_temple_entry_statues_fountains, tso_metal_star, uniq_grum
D:10:     basic_altar
D:11:     orc_0_dummy
D:12:     lemuel_ice_spiral_2, nemelex_xobeh_ov_fountains_minmay, uniq_fannar,
          uniq_kirke, uniq_rupert
D:13:     lightli_vaults_fourway_checkpoint
D:14:     basic_altar, serial_bayou_pond_b, spider_trap, uniq_josephine,
          uniq_frances
D:15:     grunt_enter_depths_snipers, serial_bayou, serial_bayou_pond_e,
          serial_bayou_ford_a, serial_bayou_lagoon_b, serial_bayou_pond_e,
          wad_floor_pattern_1, spider_trap
Temple:   minmay_freezing_vapour_temple
Lair:2:   swamp_mist, grunt_megastairs_5, uniq_erica
Lair:3:   nicolae_spider_entry_orb_guardian, enter_volcano_4, special_room,
          lemuel_centaur_altar, minmay_lair_oklob_chamber
Lair:5:   uniq_urug
Lair:6:   minmay_lair_end_enchanted_forest, slime_altar_2
Swamp:1:  cheibrodos_swamp_tower_of_moss, evilmike_swamp_ruin_rubble_2,
          hangedman_swamp_diagram
Swamp:2:  nicolae_swamp_fairy_circle
Swamp:3:  serial_swamp_ruin, evilmike_swamp_ruin_house_2,
          evilmike_swamp_ruin_house_4, evilmike_swamp_ruin_house_6, swamp_pool3
Swamp:4:  swamp, swamp_pool3
Spider:1: spider_trap
Spider:2: uniq_nikola
Spider:3: uniq_azrael
Spider:4: spider_rune_water, nicolae_crawler_farm
Orc:1:    serial_shops, shop, kennysheep_orc_chapel, uniq_snorg
Orc:2:    grunt_orc_gardens, grunt_orc_garden, grunt_orc_garden,
          grunt_orc_garden, grunt_orc_garden, uniq_saint_roka
Vaults:1: v_misc_2, nicolae_vaults_little_squares_3,
          nicolae_vaults_network_barrier, vaults_dpeg_encased_lava,
          grunt_vaults_hallway_short, v_pattern_5,
          nicolae_vaults_little_squares_3, grunt_vaults_bifocal,
          nicolae_vaults_little_squares_1, hangedman_vaults_hat
Vaults:2: v_misc_12, minmay_crypt_entry_simple_box, vaults_room_semicircle,
          hangedman_vaults_corner, v_misc_14, vaults_standard_mumra_x,
          hangedman_vaults_maws, vaults_room_pools, v_misc_16,
          hangedman_vaults_impose, hangedman_vaults_stagger,
          ontoclasm_vaults_gateway, nicolae_vaults_little_squares_3,
          hangedman_vaults_restitches, ontoclasm_vaults_shout,
          nicolae_vaults_little_squares_4, serial_ice_h,
          infiniplex_enter_wizlab_glasses, serial_shops, bzr_entry_gold,
          nicolae_shop_window_shopping, nicolae_shop_window_shopping,
          shop_coins, shop
Vaults:3: dpeg_vaults_pockets_of_resistance, nicolae_vaults_big_angled_halls,
          v_misc_9, ontoclasm_vaults_decontamination,
          ontoclasm_vaults_misaligned, vaults_room_large_hall,
          ontoclasm_vaults_spin
Vaults:4: v_misc_30, v_misc_33, ontoclasm_vaults_pinch, v_pattern_2, v_misc_10,
          hangedman_vaults_restitches, v_misc_33, nicolae_vaults_shelves_hall,
          nicolae_vaults_specimen_jars, ontoclasm_vaults_twist,
          vaults_dpeg_ring, vaults_room_hangedman_quadrants, serial_shops, shop
Depths:1: hangedman_abyss_entry_splay, cheibriados_altar_1,
          rand_demon_pan_entry_4, hell_entry, nrook_mini_backslash,
          hangedman_decor_peaks_small, serial_bayou_pond_b,
          serial_sigils_hangedman_gut, hangedman_decor_push,
          kennysheep_generic_room_3, firewood_loft, serial_bayou_shore_b,
          uniq_mara
Depths:2: evilmike_wizard_prison, minmay_misc_feat_pillars, hell_entry,
          infiniplex_staircase_pool_2, uniq_aizul
Depths:3: grunt_runaround, pan_entry, abyss_entry, hell_entry
Depths:4: little_maze_vault, nicolae_abyss_entry_one_way_or_another,
          columned_hall_lemuel, grunt_hell_entry_dis_old
Depths:5: grunt_zot_entry_hairpin, hell_entry
Dis:2:    hangedman_dis_monolith
Dis:3:    door_vault
Dis:7:    iron_city_of_dis
Geh:4:    lemuel_elevator
Geh:5:    nicolae_geh_fiery_graves
Geh:7:    geh_mu
Zot:2:    hangedman_snap_crack_crunch
Zot:3:    grunt_megastairs_1
Bazaar:   bazaar_jpeg_ribbon
Volcano:  volcano_grotto
WizLab:   wizlab_iskenderun

Skill      XL: |  1  2  3  4  5  6  7  8  9 10 11 12 13 14 15 16 17 18 19 20 21 22 23 24 25 26 27 |
---------------+----------------------------------------------------------------------------------+-----
Staves         | 3 4 5 6 7 8 9 10 12 13 14 | 14.0
Fighting       | 4 5 6 9 11 13 15 19 20 22 23 24 25 | 25.3
Dodging        | 5 7 10 12 14 16 17 19 20 21 22 | 22.5
Evocations     | 3 5 8 9 10 12 13 18 | 18.7
Armour         | 4 6 8 11 13 15 17 20 23 | 23.1
Invocations    | 5 8 9 10 11 | 11.0
Earth Magic    | 13 | 13.2
Charms         | 3 |  3.5
Necromancy     | 4 |  4.3
Throwing       | |  1.7

Action                   |  1- 3 |  4- 6 |  7- 9 | 10-12 | 13-15 | 16-18 | 19-21 | 22-24 | 25-27 || total
-------------------------+-------+-------+-------+-------+-------+-------+-------+-------+-------++-------
Melee: Quarterstaff      |   134 |   165 |   319 |   594 |   177 |   164 |       |       |       ||  1553
       Lajatang          |       |       |       |       |  1322 |  1849 |  1577 |  1586 |  3346 ||  9680
Throw: Throwing net      |     3 |     1 |       |     1 |       |       |       |       |       ||     5
Invok: Heroism           |       |       |       |     1 |    17 |    10 |    14 |    15 |    39 ||    96
       Finesse           |       |       |       |       |     6 |     9 |    14 |    15 |    38 ||    82
 Abil: Hurl Damnation    |       |       |       |       |       |       |       |       |     2 ||     2
Evoke: Wand              |       |       |     7 |    16 |    18 |    12 |    10 |     8 |     7 ||    78
       Lightning rod     |       |       |       |       |     1 |       |       |       |       ||     1
       Lamp of fire      |       |       |       |       |       |       |       |       |     3 ||     3
       Phantom mirror    |       |       |       |       |       |       |       |       |     1 ||     1
       Phial of floods   |       |       |       |       |       |       |       |       |     2 ||     2
       Fan of gales      |       |       |       |       |       |       |       |       |     1 ||     1
  Use: Potion            |     3 |       |     1 |    18 |    13 |     6 |     3 |     1 |    19 ||    64
       Scroll            |       |     7 |     7 |     5 |    23 |     7 |     7 |    17 |    22 ||    95
 Stab: Sleeping          |     1 |       |     3 |     3 |       |       |       |       |       ||     7
       Distracted        |       |       |       |     1 |     1 |     1 |       |     1 |     1 ||     5
       Held in net/web   |       |       |       |     2 |     1 |       |       |       |       ||     3
       Invisible         |       |       |       |     8 |     2 |     6 |       |       |     9 ||    25
       Confused          |       |       |       |       |     5 |       |       |       |     3 ||     8
  Eat: Bread ration      |     1 |     1 |       |     1 |     7 |     2 |     1 |     4 |     4 ||    21
       Chunk             |       |     1 |    14 |    10 |     4 |     1 |       |     5 |     3 ||    38
       Fruit             |       |       |     1 |     8 |    10 |       |    15 |       |       ||    34
       Meat ration       |       |       |     1 |     1 |       |     6 |     1 |       |     6 ||    15
       Royal jelly       |       |       |       |     1 |     3 |       |       |     1 |       ||     5
Armor: Leather armour    |    28 |    62 |    56 |       |       |       |       |       |       ||   146
       Skin              |    10 |       |       |     8 |       |       |       |       |       ||    18
       Ring mail         |       |       |    43 |   119 |       |       |       |       |       ||   162
       Scale mail        |       |       |       |    43 |   154 |       |       |       |       ||   197
       Chain mail        |       |       |       |       |   478 |   748 |   203 |   205 |   131 ||  1765
       Gold dragon scale |       |       |       |       |       |       |       |       |   432 ||   432
Dodge: Dodged            |    97 |   122 |   183 |   352 |   883 |  1227 |   962 |  1182 |  2071 ||  7079
       Deflected         |       |       |       |     5 |       |     5 |    75 |    40 |    17 ||   142
